cohdb
Replays
Latest Replays
All Replays
Popular Replays
Top Player Replays
Match Explorer
How It Works
Community
CoH3 Stats
Reddit
Sign in to upload your games and track your stats! →
Sign in with Steam
Match 29106200
Unlisted
Match 29106200
Overview
Messages
Build Orders
End
Construct Infanterie Kompanie
MG 42 Machine Gun Team
Grenadier Squad
Grenadier Squad
Construct Panzergrenadier Kompanie
GrW 34 Mortar Team
251 Medium Carrier
Construct Luftwaffe Kompanie
Support Elements
Pak 40 Anti-tank Gun Team
Nebelwerfer 42 Rocket Launcher Team
StuG III G Assault Gun
StuG III G Assault Gun
Construct Panzer Kompanie
Panzer IV Medium Tank
MrCoach
SHIBA
Sir Uncle
Hanaken
Sergetov
Nooby
Schlupski
Shaggy
0
0
Comments
sign in to comment!
No comments posted yet!